 Dungeon Crawl Stone Soup version 0.27.0-1-g7a089689b8 (webtiles) character file.

Game seed: 16228146592384469759

87967 GordonOverkill the Severer (level 15, -1/151 HPs)
             Began as a Deep Dwarf Fighter on Aug 1, 2021.
             Was the Champion of Makhleb.
             Slain by a tarantella (3 damage)
             ... on level 2 of the Spider Nest.
             The game lasted 01:23:45 (7838 turns).

GordonOverkill the Severer (Deep Dwarf Fighter)     Turns: 7838, Time: 01:23:45

Health: -1/151     AC: 18    Str: 32 (33) XL:     15   Next: 8%
Magic:  4/4        EV:  5    Int:  6 (8)  God:    Makhleb [******]
Gold:   750        SH:  0    Dex: 18      Spells: 36/36 levels left

rFire    . . .     SeeInvis +   l - +5 broad axe (elec)
rCold    . . .     Faith    .   L - +0 tower shield
rNeg     + . .     Spirit   .   M - +1 plate armour "Aher" {rPois}
rPois    +         Reflect  +   (no helmet)
rElec    .         Harm     .   e - +0 cloak {Will+}
rCorr    .         Rampage  .   m - +0 pair of gloves of the Hills {Contam Str+6 Dex+6}
Will     ++++.                  k - +2 pair of boots
Stlth    ..........             R - amulet of reflection
HPRegen  0.00/turn              f - ring of willpower
MPRegen  0.09/turn              H - ring of see invisible

@: confused, hasted, very quick
A: damage resistance, heal wounds, negative energy resistance 1, sense
surroundings 3, no regeneration, large bone plates 1, poison resistance, robust
1
}: 1/15 runes: barnacled
a: Heal Wounds, Renounce Religion, Minor Destruction, Lesser Servant of Makhleb,
Major Destruction, Greater Servant of Makhleb


You were on level 2 of the Spider Nest.
You worshipped Makhleb.
Makhleb was exalted by your worship.
You visited 5 branches of the dungeon, and saw 26 of its levels.
You also visited: Ossuary and Volcano.

You collected 1572 gold pieces.
You spent 822 gold pieces at shops.

Inventory:

Hand Weapons
 l - a +5 broad axe of electrocution (weapon)
 w - the +9 battleaxe of Due Proportion {vorpal, +Blink +Rage rC+}
   (You found it on level 11 of the Dungeon)

   It inflicts extra damage upon your enemies.
   rC:        It protects you from cold.
   +Blink:    It lets you blink.
   +Rage:     It lets you go berserk.
 F - a +1 vorpal flail
Missiles
 d - 5 atropa-tipped darts
 i - a curare-tipped dart
 r - 12 javelins (quivered)
 t - 32 poisoned darts
 E - 46 boomerangs
 P - 3 throwing nets
Armour
 e - a +0 cloak of willpower (worn)
 h - the +4 leather armour of Neyxacza {rF+ rC+ Dex+6 SInv}
   (You found it on level 9 of the Dungeon)

   Dex:       It affects your dexterity (+6).
   rF:        It protects you from fire.
   rC:        It protects you from cold.
   SInv:      It lets you see invisible.
 k - a +2 pair of boots (worn)
 m - the +0 pair of gloves of the Hills (worn) {Contam Str+6 Dex+6}
   (You found it on level 10 of the Dungeon)

   Str:       It affects your strength (+6).
   Dex:       It affects your dexterity (+6).
   Contam:    It causes magical contamination when unequipped.
 s - the +4 pair of gloves "Posacs" {Harm Fly Slay+5 Stlth-}
   (You found it on level 4 of the Shoals)

   Slay:      It affects your accuracy & damage with ranged weapons and melee
   (+5).
   Fly:       It grants you flight.
   Harm:      It increases damage dealt and taken.
   Stlth:     It makes you less stealthy.
 K - the +7 scale mail of Fun and Games {rElec rC+ Int+3}
   (You bought it in a shop on level 2 of the Orcish Mines)

   Int:       It affects your intelligence (+3).
   rC:        It protects you from cold.
   rElec:     It insulates you from electricity.
 L - a +0 tower shield (worn)
 M - the +1 plate armour "Aher" (worn) {rPois}
   (You bought it in a shop on level 2 of the Orcish Mines)

   rPois:     It protects you from poison.
Jewellery
 f - a ring of willpower (left hand)
 y - a +6 ring of dexterity
 H - a ring of see invisible (right hand)
 J - a ring of positive energy
 O - a +6 ring of dexterity
 R - an amulet of reflection (around neck)
 S - a ring of protection from fire
Wands
 b - a wand of polymorph (11)
 c - a wand of charming (5)
 n - a wand of flame (36)
 o - a wand of digging (4)
 A - a wand of mindburst (36)
 N - a wand of paralysis (10)
Scrolls
 a - a scroll of magic mapping
 j - 2 scrolls of silence
 x - 3 scrolls of teleportation
 B - a scroll of holy word
 G - 3 scrolls of identify
 I - a scroll of fog
Potions
 g - 3 potions of ambrosia
 p - 2 potions of haste
 u - a potion of lignification
 C - a potion of brilliance
 D - 2 potions of might
 T - a potion of mutation
Miscellaneous
 Q - a condenser vane (inert)


   Skills:
 - Level 10.2 Fighting
 - Level 16.4 Axes
 - Level 4.9 Armour
 - Level 10.3 Shields
 + Level 11.3 Spellcasting
 - Level 10.0 Invocations
 - Level 10.0 Evocations


You had 36 spell levels left.
You didn't know any spells.
Your spell library contained the following spells:

 Spells                   Type           Power      Damage    Failure   Level
 Ensorcelled Hibernation  Hex/Ice        6%         N/A       100%        2
 Mephitic Cloud           Conj/Pois/Air  3%         N/A       100%        3
 Spider Form              Tmut/Pois      1%         N/A       100%        3
 Iskenderun's Mystic Bla  Conj/Tloc      3%         2d3       100%        4
 Passage of Golubria      Tloc           N/A        N/A       100%        4
 Summon Forest            Summ/Tloc      1%         N/A       100%        5
 Shadow Creatures         Summ           N/A        N/A       100%        6


Dungeon Overview and Level Annotations

Branches:
Dungeon (12/15)              Lair (5/6) D:10         Shoals (4/4) Lair:3
 Spider (3/4) Lair:3          Orc (2/2) D:10            Elf (0/3) Orc:2
Ossuary (visited)         Volcano (visited)
 Temple: D:4-7        Slime: Lair:5-6

Altars:
Ashenzari
Cheibriados
Elyvilon
Makhleb
Qazlal
Wu Jian
Xom
Zin
Beogh

Shops:
Orc:2 =[([

Annotations:
D:5 1 transporter, coffeespoons's ghost, amateur MiDe


Innate Abilities, Weirdness & Mutations

You are resistant to damage.
You can heal yourself by infusing magical energy.
You resist negative energy. (rN+)
You passively map a large area around you.
You do not regenerate.
You are partially covered in large bone plates. (SH +4)
Your system is resistant to poisons. (rPois)
You are robust. (+10% HP)


Message History

Unknown command.
You pick your way through the web.
The tarantella bites you but does no damage.
There is a web here.
Unknown command.
The tarantella bites you but does no damage.
Unknown command.
You feel yourself speed up. The tarantella bites you.
You are more confused.
The tarantella bites you but does no damage.
Unknown command.
Unknown command.
You pick your way through the web.
The tarantella bites you but does no damage.
There is a web here.
Unknown command.
You pick your way through the web.
There is a web here.
Unknown command.
You bump into the rock wall.
The tarantella bites you.
Unknown command.
You bump into the rock wall.
The tarantella bites you but does no damage.
Unknown command.
You bump into the rock wall.
The tarantella bites you but does no damage.
Unknown command.
You closely miss the tarantella.
The tarantella is severely wounded.
The tarantella bites you but does no damage.
The tarantella barely misses you.
Unknown command.
The tarantella bites you but does no damage.
Unknown command.
The tarantella barely misses you.
Unknown command.
You see here a tarantella corpse.
Unknown command.
You're too confused to move!
The tarantella bites you.
You die...

* * *
###########
##...#.†...#
, ,**
##^#..>#.#.##
* *
#^.#@.<#... *
#^.s.#....##
, *
,#.####....##
,, , ...**
#....# , #...
^.....# ,
*,..#..
....#.# *
#.#..#
.#...## ,
......,
#......* * ..
..., ,


You could see a tarantella.

Vanquished Creatures
  A titan (Shoals:4)
  A ghost moth (Spider:2)
  An orc warlord (Orc:2)
  An entropy weaver (Spider:2)
  A fire dragon (Volcano)
  An ettin (Orc:1)
  A merfolk javelineer (Shoals:4)
  11 merfolk impalers
  Erolcha (Orc:2)
  2 boulder beetles (D:11)
  A hydra (D:10)
  2 merfolk aquamancers (Shoals:4)
  A centaur warrior (D:10)
  A merfolk avatar (Shoals:4)
  3 orc high priests (Orc:2)
  Urug (D:10)
  5 sun demons (Volcano)
  A sea snake (Shoals:2)
  An orc knight (Orc:1)
  3 orb spiders (Spider:1)
  3 orc sorcerers (Orc:2)
  3 manticores
  4 wolf spiders (Spider:1)
  4 fauns (Shoals:3)
  2 cyclopes
  Maurice (Orc:2)
  2 water nymphs (Shoals:4)
  A merfolk siren (Lair:3)
  A black mamba (Lair:3)
  3 smoke demons (Volcano)
  A gargoyle (D:11)
  2 cane toads
  A torpor snail (Lair:2)
  3 komodo dragons
  A rime drake (Lair:3)
  A demonic crawler (Spider:1)
  3 trolls
  6 jumping spiders
  2 polar bears (Lair:2)
  2 hornets
  8 merfolk
  6 blink frogs
  3 snapping turtles
  9 dream sheep
  4 air elementals (Shoals:4)
  31 redbacks
  2 wyverns (Lair:3)
  3 wraiths
  3 tarantellas
  3 water elementals
  A basilisk (Lair:2)
  31 yaks
  A fire elemental (D:11)
  2 vampire mosquitoes (D:10)
  6 steam dragons
  3 wargs (Orc:2)
  An acid dragon (D:11)
  6 water moccasins
  3 hell hounds
  A swamp drake (D:10)
  41 orc warriors
  2 ogres
  A black bear (Lair:2)
  3 wolves (Lair:4)
  3 centaurs
  2 kobold brigands (D:9)
  8 bullfrogs
  Blork the orc (D:5)
  2 scorpions
  A gnoll sergeant (D:10)
  6 wights
  6 electric eels
  5 howler monkeys
  4 centaur zombies
  A crimson imp (D:4)
  A hound (D:6)
  A jelly (D:4)
  16 orc priests
  2 iguanas
  A scorpion zombie (D:5)
  25 orc wizards
  10 hell rats
  A killer bee zombie (D:8)
  A howler monkey zombie (D:9)
  9 gnolls
  2 adders (D:4)
  An ufetubus (D:6)
  An adder skeleton (D:4)
  84 orcs
  An endoplasm (D:4)
  A giant cockroach (D:1)
  2 goblins
  A hobgoblin (D:1)
  2 quokkas
  2 ball pythons (D:4)
  2 ball python skeletons (Ossuary)
  A frilled lizard (D:1)
  A hobgoblin skeleton (Ossuary)
  4 kobolds (D:9)
  4 orc skeletons (Ossuary)
  3 orc zombies (Ossuary)
  2 quokka zombies (D:8)
  3 rats
  A bush (Lair:4)
484 creatures vanquished.

Vanquished Creatures (collateral kills)
  Snorg (Lair:4)
  4 hydras
  A water nymph (Shoals:2)
  10 blink frogs
  3 dream sheep (Lair:4)
  6 yaks (Lair:3)
  A water moccasin (Lair:3)
  An orc wizard (Orc:2)
  A hell rat (Lair:4)
28 creatures vanquished.

Vanquished Creatures (others)
  A jumping spider (Spider:1)
  A redback (Spider:1)
  5 fungi
  30 plants
37 creatures vanquished.

Grand Total: 549 creatures vanquished

Notes
Turn   | Place    | Note
-------+----------+-------------------------------------------
     0 | D:1      | GordonOverkill the Deep Dwarf Fighter began the quest for
                  | the Orb.
     0 | D:1      | Reached XP level 1. HP: 20/20 MP: 1/1
    70 | D:2      | Found a snail-covered altar of Cheibriados.
    97 | D:3      | Reached XP level 2. HP: 27/27 MP: 2/2
   230 | D:4      | Found a white marble altar of Elyvilon.
   234 | D:4      | Reached XP level 3. HP: 26/33 MP: 2/4
   269 | D:4      | Found a broken altar of Ashenzari.
   308 | D:5      | Entered Level 5 of the Dungeon
   318 | D:5      | Found a transporter.
   327 | D:5      | Noticed coffeespoons's ghost (amateur MiDe)
   335 | D:5      | Reached skill level 1 in Spellcasting
   335 | D:5      | Reached XP level 4. HP: 35/42 MP: 4/4
   337 | D:5      | Noticed a centaur
   349 | D:6      | Reached skill level 3 in Axes
   374 | D:6      | Reached XP level 5. HP: 46/49 MP: 6/6
   381 | D:5      | Noticed a centaur
   381 | D:5      | Noticed Blork the orc
   387 | D:5      | Killed a centaur
   390 | D:5      | Killed a centaur
   391 | D:5      | Reached XP level 6. HP: 47/57 MP: 6/8
   396 | D:5      | Killed Blork the orc
   399 | D:5      | Reached skill level 4 in Axes
   543 | D:4      | Reached skill level 5 in Shields
   547 | D:4      | Found a burning altar of Makhleb.
   547 | D:4      | Found a shimmering altar of Xom.
   554 | D:4      | Became a worshipper of Makhleb the Destroyer
   560 | D:4      | Reached XP level 7. HP: 32/64 MP: 8/10
   665 | D:8      | Reached skill level 1 in Invocations
   666 | D:8      | Found a sand-covered staircase.
   743 | Ossuary  | Entered an ossuary
   822 | Ossuary  | Noticed a flying skull
   822 | Ossuary  | Noticed a wraith
   830 | Ossuary  | Noticed a flying skull
   833 | Ossuary  | Noticed a wraith
   873 | Ossuary  | Killed a wraith
   874 | Ossuary  | Reached skill level 5 in Axes
   877 | Ossuary  | Noticed a flying skull
   923 | Ossuary  | Noticed a flying skull
   933 | Ossuary  | Noticed a wraith
   959 | Ossuary  | Killed a wraith
   960 | Ossuary  | Reached skill level 5 in Fighting
   960 | Ossuary  | Reached XP level 8. HP: 40/74 MP: 7/7
  1049 | D:7      | Found a stormy altar of Qazlal.
  1087 | D:8      | Reached skill level 1 in Evocations
  1155 | D:8      | Reached * piety under Makhleb
  1451 | D:9      | Reached skill level 6 in Axes
  1569 | D:10     | Entered Level 10 of the Dungeon
  1581 | D:9      | Noticed a troll
  1584 | D:9      | Killed a troll
  1585 | D:9      | Reached skill level 5 in Invocations
  1691 | D:10     | Gained mutation: You passively map the area around you.
                  | [Deep Dwarf growth]
  1691 | D:10     | Reached XP level 9. HP: 61/82 MP: 7/7
  1827 | D:9      | Identified the +4 leather armour of Neyxacza {rF+ rC+ Dex+6
                  | SInv}
  2137 | D:10     | Found an ornate altar of the Wu Jian Council.
  2158 | D:10     | Identified the +0 pair of gloves of the Hills {Contam Str+6
                  | Dex+6}
  2272 | D:10     | Noticed Urug
  2281 | D:10     | Killed Urug
  2337 | D:11     | Reached skill level 7 in Axes
  2337 | D:11     | Reached skill level 5 in Evocations
  2338 | D:11     | Reached ** piety under Makhleb
  2370 | D:11     | Noticed a gargoyle
  2378 | D:11     | Killed a gargoyle
  2543 | D:11     | Identified the +9 battleaxe of Due Proportion {vorpal,
                  | +Blink +Rage rC+}
  2560 | D:11     | Noticed a boulder beetle
  2574 | D:11     | Killed a boulder beetle
  2575 | D:11     | Reached skill level 8 in Axes
  2575 | D:11     | Reached XP level 10. HP: 65/94 MP: 8/8
  2911 | D:11     | Noticed a boulder beetle
  2932 | D:11     | Killed a boulder beetle
  2952 | D:12     | Reached skill level 9 in Axes
  3167 | D:10     | Found a staircase to the Lair.
  3172 | Lair:1   | Entered Level 1 of the Lair of Beasts
  3297 | D:10     | Noticed a manticore
  3312 | D:10     | Killed a manticore
  3313 | D:10     | Reached skill level 10 in Shields
  3318 | D:10     | Reached XP level 11. HP: 65/104 MP: 8/8
  3541 | D:10     | Reached skill level 10 in Axes
  3559 | D:10     | Noticed a five-headed hydra
  3592 | D:10     | Killed a seven-headed hydra
  3644 | D:10     | Noticed a centaur warrior
  3650 | D:10     | Killed a centaur warrior
  3693 | D:10     | Reached *** piety under Makhleb
  3713 | D:10     | Found a staircase to the Orcish Mines.
  3767 | Orc:1    | Entered Level 1 of the Orcish Mines
  3767 | Orc:1    | Noticed an ettin
  3778 | Orc:1    | Killed an ettin
  3779 | Orc:1    | Reached skill level 11 in Axes
  4023 | Orc:1    | Reached **** piety under Makhleb
  4050 | Orc:1    | Noticed an orc knight
  4084 | Orc:1    | Killed an orc knight
  4085 | Orc:1    | Reached skill level 10 in Fighting
  4205 | Orc:2    | Entered Level 2 of the Orcish Mines
  4205 | Orc:2    | Found a staircase to the Elven Halls.
  4207 | Orc:2    | Noticed an orc sorcerer
  4211 | Orc:2    | Killed an orc sorcerer
  4232 | Orc:2    | Reached skill level 12 in Axes
  4304 | Orc:2    | Noticed an orc high priest
  4305 | Orc:2    | Noticed Maurice
  4308 | Orc:2    | Noticed an orc sorcerer
  4317 | Orc:2    | Killed an orc high priest
  4320 | Orc:2    | Killed an orc sorcerer
  4325 | Orc:2    | Killed Maurice
  4349 | Orc:2    | Reached XP level 12. HP: 53/116 MP: 7/7
  4441 | Orc:2    | Reached skill level 13 in Axes
  4462 | Orc:2    | Noticed Erolcha
  4629 | Orc:2    | Found a dark tunnel.
  4636 | Volcano  | Entered a volcano
  4683 | Volcano  | Reached skill level 14 in Axes
  4706 | Volcano  | Reached ***** piety under Makhleb
  4803 | Volcano  | Noticed a fire dragon
  4811 | Volcano  | Killed a fire dragon
  4963 | Orc:2    | Found Tihy's Jewellery Shop.
  5025 | Orc:2    | Noticed an orc warlord
  5047 | Orc:2    | Killed an orc warlord
  5048 | Orc:2    | Reached skill level 5 in Spellcasting
  5105 | Orc:2    | Noticed an orc high priest
  5117 | Orc:2    | Killed an orc high priest
  5128 | Orc:2    | Found Rugrya Gilo's Antique Armour Shop.
  5131 | Orc:2    | Noticed an orc high priest
  5145 | Orc:2    | Killed an orc high priest
  5151 | Orc:2    | Found Onay's Antique Weapon Boutique.
  5165 | Orc:2    | Bought a bronze scale mail for 216 gold pieces
  5165 | Orc:2    | Identified the +7 scale mail of Fun and Games {rElec rC+
                  | Int+3} (You bought it in a shop on level 2 of the Orcish
                  | Mines)
  5233 | Orc:2    | Found Zallah's Armour Emporium.
  5251 | Orc:2    | Bought a +0 cloak of willpower for 126 gold pieces
  5261 | Orc:2    | Bought a +0 tower shield for 49 gold pieces
  5261 | Orc:2    | Bought the +1 plate armour "Aher" {rPois} for 431 gold
                  | pieces
  5401 | Orc:2    | Killed Erolcha
  5402 | Orc:2    | Reached XP level 13. HP: 84/123 MP: 4/6
  5638 | Lair:2   | Reached skill level 15 in Axes
  6303 | Lair:4   | Noticed Snorg
  6322 | Lair:4   | Reached ****** piety under Makhleb
  6340 | Lair:5   | Found a glowing silver altar of Zin.
  6422 | Lair:4   | Killed Snorg
  6867 | Lair:3   | Reached skill level 10 in Invocations
  6963 | Lair:3   | Found a staircase to the Shoals.
  6970 | Shoals:1 | Entered Level 1 of the Shoals
  7012 | Shoals:2 | Gained mutation: You are robust. (+10% HP) [potion of
                  | mutation]
  7012 | Shoals:2 | Gained mutation: Your system is resistant to poisons.
                  | (rPois) [potion of mutation]
  7012 | Shoals:2 | Gained mutation: You are partially covered in large bone
                  | plates. (SH +4) [potion of mutation]
  7012 | Shoals:2 | Gained mutation: You passively map a large area around you.
                  | [potion of mutation]
  7032 | Shoals:3 | Noticed a merfolk impaler
  7036 | Shoals:3 | Killed a merfolk impaler
  7039 | Shoals:3 | Gained mutation: You resist negative energy. (rN+) [Deep
                  | Dwarf growth]
  7039 | Shoals:3 | Reached XP level 14. HP: 72/145 MP: 9/9
  7086 | Shoals:4 | Entered Level 4 of the Shoals
  7132 | Shoals:4 | Reached skill level 16 in Axes
  7136 | Shoals:4 | Paralysed by an air elemental for 1 turns
  7235 | Shoals:4 | Reached skill level 10 in Evocations
  7333 | Shoals:4 | Noticed a titan
  7374 | Shoals:4 | Killed a titan
  7378 | Shoals:4 | Identified the +4 pair of gloves "Posacs" {Harm Fly Slay+5
                  | Stlth-}
  7382 | Shoals:4 | Got a barnacled rune of Zot
  7393 | Shoals:4 | Paralysed by an air elemental for 1 turns
  7404 | Shoals:4 | Got Dihoko's Papyrus of the Wary Youths
  7523 | Lair:3   | Found a hole to the Spider Nest.
  7536 | Spider:1 | Entered Level 1 of the Spider Nest
  7555 | Lair:3   | Reached skill level 10 in Spellcasting
  7676 | Spider:1 | Identified the +9 long sword "Reatoll" {elec, *Slow Str+6
                  | Stlth+}
  7768 | Spider:2 | Noticed a ghost moth
  7775 | Spider:2 | Killed a ghost moth
  7776 | Spider:2 | Reached XP level 15. HP: 54/151 MP: 0/4
  7822 | Spider:2 | HP: 5/151 [tarantella (3)]
  7825 | Spider:2 | HP: 2/151 [tarantella (3)]
  7838 | Spider:2 | Slain by a tarantella

Illustrated notes

Levels and vault maps discovered:
D:1:      dpeg_chamrin_arrival_tetris, layout_rooms,
          shapermc_ecumenical_altar_totnotflames, minivault_25
D:2:      layout_basic, basic_altar, serial_glass, glass_columns_a,
          glass_columns_c
D:3:      layout_loops_cross
D:4:      layout_layer_cave, nicolae_elyvilon_peaceful_grove, kennysheep_mini,
          grunt_temple_overflow_champion_of_chaos, lemuel_doored_altar
D:5:      layout_loops_cross, gammafunk_ghost_mausoleum, uniq_blork_the_orc
D:6:      layout_basic, temple_statues, sword_in_stone
D:7:      kennysheep_seaside_town, layout_basic,
          nicolae_qazlal_general_emergency, uniq_maggie, uniq_duvessa
D:8:      layout_cave_pools, nicolae_ru_the_path_less_chosen, enter_ossuary_4
D:9:      layout_basic
D:10:     layout_roguey, nzn_wu_jian_council_hall, lair_entry_dummy, erik_orc_1,
          serial_bayou_ford_a, minmay_misc_feat_ornament,
          minmay_misc_feat_rugged, amethyst_killhole, billiards_dpeg, uniq_urug
D:11:     layout_roguey, kennysheep_big_empty_room, kennysheep_small_spiral
D:12:     layout_basic, serial_rivers, chequers_serial_rivers_micro_a,
          chequers_serial_rivers_small_3, chequers_serial_rivers_micro_e,
          chequers_serial_rivers_micro_b, uniq_frances
Lair:1:   layout_small_grid, grunt_megastairs_5, infiniplex_staircase_pool_2,
          minmay_lair_oklob_chamber
Lair:2:   layout_gridlike
Lair:3:   layout_chaotic_city, elwin_shoals_entry_rooms,
          spider_nest_entry_web_field, chequers_serial_rivers_marsh,
          grunt_megastairs_2, uniq_nergalle
Lair:4:   layout_hall_layers, grunt_megastairs_4, uniq_snorg
Lair:5:   layout_cave_pods, basic_altar, st_stairs_9, lemuel_fruit_tree
Shoals:1: layout_shoals
Shoals:2: layout_shoals, nicolae_shoals_land_atoll, argonaut_gorgonesque
Shoals:3: layout_shoals, serial_shops, nicolae_square_shop,
          nicolae_shoals_loop_pool
Shoals:4: shoals_end_hellmonk_storm_palace [storm_palace_center_ruins,
          storm_palace_corner_narrow, storm_palace_corner_grid,
          storm_palace_corner_blocked, storm_palace_corner_altar]
Spider:1: layout_spider_delve, spiders_nest_hornet_nest
Spider:2: layout_spider_delve
Spider:3: layout_spider_delve, nicolae_orb_island
Orc:1:    layout_diamond_mine, minmay_orc_barracks
Orc:2:    grunt_orc_community_town_hall, layout_diamond_mine,
          grunt_orc_community_big_house_1, grunt_orc_community_big_house_2,
          grunt_orc_community_house_1, grunt_orc_community_house_2,
          grunt_orc_community_house_2, grunt_orc_community_house_3,
          grunt_orc_community_house_3, enter_volcano_3, uniq_erolcha,
          uniq_maurice

Skill      XL: |  1  2  3  4  5  6  7  8  9 10 11 12 13 14 |
---------------+-------------------------------------------+-----
Fighting       | 3 4 5 7 8 10 | 10.2
Spellcasting   | 1 2 3 6 8 11 | 11.3
Axes           | 3 4 5 6 8 9 12 14 15 16 | 16.4
Armour         | 4 |  4.9
Shields        | 4 5 6 8 10 | 10.3
Invocations    | 3 5 7 10 | 10.0
Evocations     | 3 5 8 10 | 10.0

Action                   |  1- 3 |  4- 6 |  7- 9 | 10-12 | 13-15 || total
-------------------------+-------+-------+-------+-------+-------++-------
Melee: War axe           |    42 |    78 |    76 |       |       ||   196
       Spear             |       |       |   225 |       |       ||   225
       Broad axe         |       |       |    31 |    96 |   439 ||   566
       Battleaxe         |       |       |       |   262 |       ||   262
Throw: Dart              |       |       |     4 |     1 |       ||     5
       Javelin           |       |       |     3 |     4 |     3 ||    10
Invok: Lesser Servant of |       |       |       |     1 |     8 ||     9
 Abil: Heal Wounds       |     2 |     5 |    21 |    42 |    42 ||   112
       Evoke Berserk Rag |       |       |       |    13 |       ||    13
Evoke: Wand              |       |       |    11 |     9 |    64 ||    84
       Condenser vane    |       |       |       |       |     1 ||     1
  Use: Potion            |       |     1 |     7 |     1 |    12 ||    21
       Scroll            |       |       |    12 |     4 |     8 ||    24
 Stab: Sleeping          |       |       |       |     1 |       ||     1
       Distracted        |       |       |       |     1 |     1 ||     2
       Paralysed         |       |       |       |       |    19 ||    19
Armor: Scale mail        |    26 |    75 |    43 |     5 |   171 ||   320
       Plate armour      |       |       |    62 |       |   105 ||   167
       Leather armour    |       |       |    10 |   174 |       ||   184
Dodge: Dodged            |    30 |    56 |    83 |   191 |   122 ||   482
Block: Kite shield       |    26 |    84 |   209 |    65 |       ||   384
       Tower shield      |       |       |       |    11 |   793 ||   804
